 Dungeon Crawl Stone Soup version 0.25.1-2-g60ff931df9 (webtiles) character file.

Game seed: 13936095860430226694

366 H0rd4k the Charlatan (level 7, -3/51 HPs)
             Began as a Human Artificer on Sept 29, 2020.
             Was an Initiate of Gozag.
             Slain by a worker ant (7 damage)
             ... on level 6 of the Dungeon on Sept 30, 2020.
             The game lasted 00:06:40 (6694 turns).

H0rd4k the Charlatan (Human Artificer)              Turns: 6694, Time: 00:06:41

Health: -3/51      AC:  3    Str: 14    XL:     7   Next: 0%
Magic:  9/9        EV: 13    Int: 11    God:    Gozag
Gold:   99         SH:  0    Dex: 14    Spells: 6/6 levels left

rFire    . . .     SeeInvis .   a - +0 short sword
rCold    . . .     Gourm    .   (no shield)
rNeg     . . .     Faith    .   b - +0 leather armour
rPois    .         Spirit   .   (no helmet)
rElec    .         Reflect  .   (no cloak)
rCorr    .         Harm     .   (no gloves)
MR       .....                  (no boots)
Stlth    +++.......             (no amulet)
HPRegen  0.17/turn              l - ring of stealth
MPRegen  0.11/turn              q - ring of wizardry

@: lethally poisoned (-3 -> -16)
A: no striking features
a: Potion Petition, Call Merchant, Bribe Branch, Renounce Religion


You were on level 6 of the Dungeon.
You worshipped Gozag.
Gozag was noncommittal.
You were very hungry.

You visited 1 branch of the dungeon, and saw 6 of its levels.

You collected 168 gold pieces.
You paid 69 gold pieces to Gozag.

Inventory:

Hand Weapons
 a - a +0 short sword (weapon)
Armour
 b - a +0 leather armour (worn)
Magical Staves
 u - an uncursed staff of wizardry
Jewellery
 l - a ring of stealth (left hand)
 q - a ring of wizardry (right hand)
Wands
 c - a wand of flame (5)
 d - a wand of enslavement (15)
 e - a wand of random effects (8)
Scrolls
 g - 8 scrolls of identify {unknown}
 h - 3 scrolls of fear {unknown}
 i - a scroll of remove curse {unknown}
 m - 3 scrolls of teleportation {unknown}
 o - a scroll of noise {unknown}
 r - a scroll of fog {unknown}
Potions
 j - 2 potions of might {unknown}
 k - a potion of curing {unknown}
 n - 2 potions of stabbing {unknown}
 p - a potion of berserk rage {unknown}
 s - 2 potions of degeneration {unknown}
 t - 2 potions of haste {unknown}
Comestibles
 f - 10 rations


   Skills:
 + Level 2.3 Fighting
 + Level 3.0 Short Blades
 + Level 2.4 Armour
 + Level 3.0 Dodging
 + Level 3.5 Stealth
 + Level 3.6 Evocations


You had 6 spell levels left.
You didn't know any spells.
Your spell library contained the following spells:

 Spells                   Type           Power        Failure   Level  Hunger
 Beastly Appendage        Tmut           #.....       17%         1    ##.....
 Sticks to Snakes         Tmut           #.......     26%         2    ###....
 Spider Form              Tmut/Pois      #.........   45%         3    ####...
 Ice Form                 Ice/Tmut       #.......     83%         4    #####..
 Blade Hands              Tmut           #.........   99%         5    ######.


Dungeon Overview and Level Annotations

Branches:
Dungeon (6/15)
 Temple: D:4-7

Altars:
Gozag
Nemelex Xobeh
Beogh

Annotations:
D:1 exclusion: downstairs
D:3 Grinder
D:5 3 runed translucent doors, exclusion: black bear, DearestLeader's ghost, novice DrCj


Message History

The worker ant closely misses you.
You hit the worker ant but do no damage.
The worker ant is almost dead.
* * * LOW HITPOINT WARNING * * *
You feel sick. The worker ant bites you.
* * * LOW HITPOINT WARNING * * *
You hit the worker ant but do no damage.
The worker ant is almost dead.
* * * LOW HITPOINT WARNING * * *
You feel sick. The worker ant misses you.
Your leather armour prevents you from hitting the worker ant.
The worker ant is almost dead.
* * * LOW HITPOINT WARNING * * *
You feel sick. The worker ant closely misses you.
You hit the worker ant.
The worker ant is almost dead.
* * * LOW HITPOINT WARNING * * *
You feel sick. The worker ant bites you!
You die...
Your body crumbles into a pile of gold.

#..#..# #
####...#.##.#
+...........#
#...#.# ##....#
##.### #.# #+#
#a#
#.##########@#
#.##.........#
##.##.#########
####...#.#
.........#
####...###
##.## #.# #.#


You could see a worker ant.

Vanquished Creatures
  An ogre (D:5)
  A scorpion (D:5)
  An iguana (D:5)
  A worker ant (D:5)
  A hound skeleton (D:6)
  Robin (D:2)
  5 adders
  3 worms
  6 dart slugs
  2 leopard geckos
  3 orcs
  2 ball pythons (D:2)
  4 bats
  5 giant cockroaches
  17 goblins
  9 hobgoblins
  10 jackals
  11 kobolds
  A quokka (D:3)
  3 frilled lizards
  A giant cockroach zombie (D:5)
  8 rats
96 creatures vanquished.

Notes
Turn   | Place    | Note
-------+----------+-------------------------------------------
     0 | D:1      | H0rd4k the Human Artificer began the quest for the Orb.
     0 | D:1      | Reached XP level 1. HP: 15/15 MP: 3/3
   418 | D:1      | Reached XP level 2. HP: 11/21 MP: 4/4
   830 | D:1      | Reached XP level 3. HP: 23/26 MP: 5/5
  2013 | D:2      | Noticed Robin
  2037 | D:1      | HP: 1/26 [goblin[Robin] (3)]
  2039 | D:1      | Reached XP level 4. HP: 2/32 MP: 6/6
  2357 | D:2      | Reached skill level 1 in Armour
  2391 | D:2      | Killed Robin
  2807 | D:2      | Reached XP level 5. HP: 34/38 MP: 7/7
  3997 | D:3      | Noticed Grinder
  5170 | D:5      | Entered Level 5 of the Dungeon
  5478 | D:5      | Found a runed translucent gate.
  5478 | D:5      | Found a runed translucent gate.
  5556 | D:5      | Noticed a black bear
  5588 | D:5      | Noticed an ogre
  5601 | D:5      | Killed an ogre
  5601 | D:5      | Reached XP level 6. HP: 9/44 MP: 8/8
  5971 | D:5      | Found an opulent altar of Gozag.
  5972 | D:5      | Found a sparkling altar of Nemelex Xobeh.
  6347 | D:5      | Became a worshipper of Gozag Ym Sagoz the Greedy
  6440 | D:5      | Found a runed translucent gate.
  6441 | D:5      | Noticed an orc warrior
  6442 | D:5      | Noticed DearestLeader's ghost (novice DrCj)
  6445 | D:5      | Identified the +4 chain mail of Stained Happiness {Int+4}
  6465 | D:5      | Found a roughly hewn altar of Beogh.
  6684 | D:6      | Reached XP level 7. HP: 32/51 MP: 9/9
  6694 | D:6      | Slain by a worker ant

Illustrated notes

Levels and vault maps discovered:
D:1:      wander_arrival_desolate, layout_basic, serial_bayou_lagoon_a,
          minmay_pentomino_o4
D:2:      layout_loops_corners, uniq_robin
D:3:      layout_basic, uniq_grinder
D:4:      layout_gridville, first_ration, uniq_duvessa
D:5:      black_bear_nest_2, layout_cave_pools, grunt_temple_overflow_opulence,
          biasface_ghost_orc_armoury
D:6:      layout_loops_corners, corexii_leaking_fountain, st_stairs_9,
          nrook_uturn

Skill      XL: |  1  2  3  4  5  6 |
---------------+-------------------+-----
Stealth        | 2 3 |  3.5
Armour         | 1 2 |  2.4
Short Blades   | 2 3 |  3.0
Fighting       | 2 |  2.3
Dodging        | 3 |  3.0
Evocations     | |  3.6

Action                   |  1- 3 |  4- 6 |  7- 9 || total
-------------------------+-------+-------+-------++-------
Melee: Short sword       |   149 |   267 |    10 ||   426
Evoke: Wand              |       |    17 |       ||    17
 Stab: Sleeping          |     4 |    10 |       ||    14
       Distracted        |       |     1 |       ||     1
  Eat: Chunk             |     4 |    13 |       ||    17
Armor: Leather armour    |    38 |    42 |       ||    80
Dodge: Dodged            |   116 |   141 |     5 ||   262
